 Dungeon Crawl Stone Soup version 0.17.1-1-g73c8601 (webtiles) character file.

108 Kurtz the Insei (level 4, -3/35 HPs)
             Began as a Mummy Monk on Mar 11, 2018.
             Killed from afar by an orc wizard (15 damage)
             ... with a puff of flame
             ... on level 7 of the Dungeon.
             The game lasted 00:02:34 (2159 turns).

Kurtz the Insei (Mummy Monk)                        Turns: 2159, Time: 00:02:34

Health: -3/35      AC:  0    Str: 14    XL:     4   Next: 58%
Magic:  4/4        EV: 13    Int:  9    God:
Gold:   54         SH:  0    Dex: 15    Spells: 0 memorised, 3 levels left

rFire  x . .     SeeInvis .       - Unarmed
rCold  + . .     Clarity  .     (no armour)
rNeg   + + +     SustAt   .     (no shield)
rPois  ∞         Gourm    .     (no helmet)
rElec  .         Spirit   .     (no cloak)
rCorr  .         Warding  .     (no gloves)
rMut   .         Stasis   .     (no boots)
MR     .....                    (no amulet)
Stlth  ++........               (no ring)
                                (no ring)

@: not resistant to hostile enchantments, unstealthy
A: no food or potions, fire vulnerability, cold resistance 1, negative energy
resistance 3, torment resistance, unbreathing
a: no special abilities


You were on level 7 of the Dungeon.
You were not hungry.

You visited 1 branch of the dungeon, and saw 6 of its levels.

You collected 54 gold pieces.

Inventory:

Missiles
 d - 35 arrows (quivered)
Scrolls
 a - 2 scrolls of amnesia {unknown}
 b - 2 scrolls of teleportation {unknown}
 c - a scroll of fog {unknown}
 e - a scroll of magic mapping {unknown}
 f - a scroll of identify {unknown}
 g - 2 scrolls of blinking {unknown}


   Skills:
 - Level 3.0 Fighting
 - Level 2.4 Dodging
 * Level 1.5 Stealth
 * Level 5.0 Unarmed Combat


You had 3 spell levels left.
You didn't know any spells.

Dungeon Overview and Level Annotations

Branches:
Dungeon (7/15)
 Temple: D:4-7

Altars:

Annotations:
D:2 Sigmund


Innate Abilities, Weirdness & Mutations

You do not eat or drink.
Your flesh is vulnerable to fire.
You are immune to poison.
Your flesh is cold resistant.
You are immune to negative energy.
You are immune to unholy pain and torment.
You can survive without breathing.


Message History

Found 11 poisoned needles.
You hit the orc but do no damage.
The orc wizard shouts!
You hear a shout!
The orc hits you with a trident.
You hit the orc but do no damage.
The orc wizard casts a spell.
The orc wizard seems to speed up.
The orc hits you with a trident!
You barely miss the orc. You closely miss the orc wizard.
The orc wizard barely misses you. The orc barely misses you.
You barely miss the orc wizard. The orc wizard misses you.
The orc closely misses you. The orc wizard hits you with a dagger.
There is an open door here.
The orc wizard barely misses you. The orc wizard hits you with a dagger.
The orc wizard casts a spell at you. The puff of frost hits you! You resist.
The orc wizard points at you and mumbles some strange words.
The puff of flame hits you! The fire burns you terribly!
You die...

########.# ##.##### ##+##
#....... # ##...##
#..##### #.# ##.....##
#..#### .( ##.......##
##.....##
#.###.........####........
#..'o........'...........
#.###.o..@..<.####...##.##
.. ##.......## ##.## .# ##
##.....## ### # ##...##
##+##


You could see an orc wizard and an orc.

Vanquished Creatures
  A crimson imp (D:7)
  A gnoll (D:1)
  4 shadow imps (D:6)
  An ooze (D:1)
  An adder zombie (D:6)
  A giant gecko (D:1)
  3 orcs (D:6)
  2 bats (D:1)
  2 giant cockroaches (D:1)
  2 hobgoblins (D:1)
  5 goblins (D:1)
  A kobold (D:1)
  A rat (D:1)
25 creatures vanquished.

Notes
Turn   | Place    | Note
--------------------------------------------------------------
     0 | D:1      | Kurtz the Mummy Monk began the quest for the Orb.
     0 | D:1      | Reached XP level 1. HP: 18/18 MP: 1/1
   239 | D:1      | Reached XP level 2. HP: 24/24 MP: 2/2
   956 | D:1      | Reached skill level 4 in Unarmed Combat
   956 | D:1      | Reached XP level 3. HP: 18/29 MP: 3/3
  1096 | D:2      | Noticed Sigmund
  1105 | D:2      | You fall through a shaft for 2 floors!
  1109 | D:5      | Entered Level 5 of the Dungeon
  1495 | D:7      | Reached XP level 4. HP: 35/35 MP: 4/4
  2065 | D:6      | Reached skill level 5 in Unarmed Combat
  2109 | D:6      | Noticed an ogre
  2109 | D:6      | Noticed a centaur
  2159 | D:7      | Killed from afar by an orc wizard

Action                   |  1- 3 |  4- 6 || total
-------------------------+-------+-------++-------
Melee: Unarmed           |    84 |    42 ||   126
 Stab: Sleeping          |     2 |       ||     2
